 Dungeon Crawl Stone Soup version 0.24.0-13-gcf9b3192b9 (webtiles) character file.

Game seed: 467932965695798537, levelgen mode: deterministic

4070 EmberCloud the Magician (level 10, -3/77 HPs)
             Began as a Gnoll Skald on Nov 10, 2019.
             Was a Priest of Okawaru.
             Slain by an efreet
             ... wielding a +3 scimitar of flaming
              (5 damage)
             ... on level 8 of the Dungeon.
             The game lasted 01:02:55 (7334 turns).

EmberCloud the Magician (Gnoll Skald)               Turns: 7334, Time: 01:02:59

Health: -3/77      AC: 14    Str: 19    XL:     10   Next: 25%
Magic:  23/29      EV: 15    Int: 16    God:    Okawaru [***...]
Gold:   313        SH:  7    Dex: 16    Spells: 9/23 levels left

rFire    . . .     SeeInvis .   j - +2 short sword (venom)
rCold    . . .     Gourm    .   U - +2 buckler
rNeg     . . .     Faith    .   L - +3 ring mail {rPois}
rPois    +         Spirit   .   N - +2 helmet
rElec    .         Reflect  .   r - +0 cloak
rCorr    .         Harm     .   (no gloves)
MR       .....                  e - +0 pair of boots
Stlth    ++........             (no amulet)
HPRegen  1.22/turn              V - +4 ring of strength
MPRegen  0.21/turn              Y - ring of magical power

@: singing (expiring), regenerating, lightly drained
A: distributed training, fangs 1, strong nose
a: Heroism, Renounce Religion


You were on level 8 of the Dungeon.
You worshipped Okawaru.
Okawaru was most pleased with you.
You were not hungry.

You visited 2 branches of the dungeon, and saw 9 of its levels.
You also visited: Ossuary.

You collected 413 gold pieces.
You spent 100 gold pieces at shops.

Inventory:

Hand Weapons
 j - a +2 short sword of venom (weapon)
 q - a +0 lajatang
 y - a +0 arbalest
 M - a +5 long sword
 Q - a +3 war axe of chopping
Missiles
 x - 40 sling bullets
 W - 9 poisoned darts (quivered)
Armour
 b - a +0 leather armour
 e - a +0 pair of boots (worn)
 r - a +0 cloak (worn)
 L - a +3 ring mail of poison resistance (worn)
 N - a +2 helmet (worn)
 U - a +2 buckler (worn)
Jewellery
 w - an uncursed ring of protection from cold
 A - an uncursed ring of ice
 V - a +4 ring of strength (left hand)
 Y - a ring of magical power (right hand)
Wands
 a - a wand of acid (8)
 g - a wand of digging (6)
 m - a wand of random effects (21)
 o - a wand of paralysis (19)
 C - a wand of flame (14)
 S - a wand of clouds (3)
 X - a wand of disintegration (9)
Scrolls
 c - a scroll of enchant armour {unknown}
 f - 4 scrolls of enchant weapon
 k - 5 scrolls of teleportation
 n - 2 scrolls of noise {unknown}
 p - 2 scrolls of fear {unknown}
 t - 3 scrolls of remove curse
 E - 3 scrolls of amnesia
 F - 3 scrolls of silence
 I - a scroll of fog {unknown}
 J - 2 scrolls of magic mapping {unknown}
 O - a scroll of blinking {unknown}
 T - a scroll of summoning {unknown}
Potions
 h - 2 potions of curing {unknown}
 i - a potion of agility {unknown}
 l - 2 potions of heal wounds
 s - a potion of degeneration {unknown}
 u - 3 potions of brilliance {unknown}
 v - a potion of cancellation {unknown}
 z - a potion of haste {unknown}
 B - 5 potions of lignification
 G - 2 potions of mutation {unknown}
 H - a potion of might {unknown}
 K - a potion of flight {unknown}
 P - 2 potions of magic {unknown}
Comestibles
 d - 29 rations
 D - 3 chunks of flesh


   Skills:
 + Level 6.8(6.5) Fighting
 + Level 6.8(6.5) Short Blades
 + Level 5.0(4.6) Long Blades
 + Level 5.0(4.6) Axes
 + Level 5.0(4.6) Maces & Flails
 + Level 5.0(4.6) Polearms
 + Level 5.0(4.6) Staves
 + Level 5.0(4.6) Slings
 + Level 5.0(4.6) Bows
 + Level 5.0(4.6) Crossbows
 + Level 5.0(4.6) Throwing
 + Level 5.7(5.3) Armour
 + Level 6.8(6.5) Dodging
 + Level 5.0(4.6) Stealth
 + Level 5.0(4.6) Shields
 + Level 5.0(4.6) Unarmed Combat
 + Level 7.1(6.8) Spellcasting
 + Level 4.1(3.8) Conjurations
 + Level 4.1(3.8) Hexes
 + Level 6.9(6.6) Charms
 + Level 4.1(3.8) Summonings
 + Level 4.1(3.8) Necromancy
 + Level 4.1(3.8) Translocations
 + Level 4.1(3.8) Transmutations
 + Level 4.1(3.8) Fire Magic
 + Level 4.1(3.8) Ice Magic
 + Level 4.1(3.8) Air Magic
 + Level 4.1(3.8) Earth Magic
 + Level 4.1(3.8) Poison Magic
 + Level 5.5(5.1) Invocations
 + Level 5.0(4.6) Evocations


You had 9 spell levels left.
You knew the following spells:

 Your Spells              Type           Power        Failure   Level  Hunger
a - Infusion              Chrm           ####         1%          1    None
b - Song of Slaying       Chrm           ####....     1%          2    None
c - Regeneration          Chrm/Necr      ###.......   8%          3    ##.....
d - Swiftness             Chrm/Air       ###.....     3%          2    None
e - Shock                 Conj/Air       ###.         4%          1    None
f - Searing Ray           Conj           ###...       6%          2    None
g - Dazzling Spray        Conj/Hex       ###...       13%         3    ##.....

Your spell library contained the following spells:

 Spells                   Type           Power        Failure   Level  Hunger
 Shroud of Golubria       Chrm/Tloc      ###...       3%          2    None
 Animate Skeleton         Necr           N/A          4%          1    None
 Apportation              Tloc           ###...       4%          1    None
 Confusing Touch          Hex            ###...       4%          1    None
 Magic Dart               Conj           ###.         4%          1    None
 Summon Small Mammal      Summ           ###.         4%          1    None
 Spectral Weapon          Hex/Chrm       ###.....     8%          3    ##.....
 Static Discharge         Conj/Air       ###.....     13%         3    ##.....
 Airstrike                Air            ###.......   38%         4    ####...
 Force Lance              Conj/Tloc      ###.....     38%         4    ####...
 Fulminant Prism          Conj/Hex       ###.......   38%         4    ####...
 Ice Form                 Ice/Tmut       ###.....     38%         4    ####...
 Iskenderun's Mystic Bla  Conj           ###.....     38%         4    ####...
 Lightning Bolt           Conj/Air       ###.......   75%         5    #####..
 Metabolic Englaciation   Hex/Ice        ###.......   75%         5    #####..
 Bolt of Cold             Conj/Ice       ###.......   100%        6    #######
 Freezing Cloud           Conj/Ice/Air   ###.......   100%        6    #######
 Ozocubu's Refrigeration  Ice            ###.......   100%        6    #######
 Simulacrum               Ice/Necr       ###.......   100%        6    #######


Dungeon Overview and Level Annotations

Branches:
Dungeon (8/15)             Temple (1/1) D:5         Ossuary (visited)
   Lair: D:8-11

Altars:
Ashenzari
Cheibriados
Dithmenos
Elyvilon
Fedhas
Hepliaklqana
Kikubaaqudgha
Makhleb
Nemelex Xobeh
Okawaru
Qazlal
Ru
Sif Muna
Trog
Uskayaw
Vehumet
Wu Jian
Xom
Yredelemnul
Zin
The Shining One

Shops:
D:6 *


Innate Abilities, Weirdness & Mutations

Your experience applies equally to all skills.
You have very sharp teeth.
Your uncanny sense of smell can sniff out nearby items.


Message History

Okay, then.
Press: ? - help, v - describe, . - travel The floor, spattered with blood.
Casting: Infusion (safe; 1% risk of failure)
Confirm with . or Enter, or press ? or * to list all spells.
Okay, then.
Okay, then.
You feel much better.
Your song is almost over.
The efreet gestures at you. The bolt of fire hits you!
* * * LOW HITPOINT WARNING * * *
The crimson imp misses you.
Casting: Infusion (safe; 1% risk of failure)
Confirm with . or Enter, or press ? or * to list all spells.
Your skin crawls.
The efreet hits you with a +3 scimitar of flaming!
* * * LOW HITPOINT WARNING * * *
The efreet burns you.
You die...

#.# ####............... #.#
#........######.###
###.######.##.....#### #.#
#####.)...........#......# #....
#.....##<######################.
#####...............[...(.......
###..#.##.............##.#.
#..#.....##.....##.....#
#...#.##.R@...).[....##.#
#.#.#..#.5##.(#..##..#..#
..#.#..##l.#..#..#..##..#
...#.#...#.☼##...##..#...#
.##...#...##○°#...#..##.).# #
#.#..#°l##.##..#..#.# #
#.#..##..#.#..##[)#.# #
#.##..#..###..#.)##.###
#..#(.##..# ##..#..#..


You could see an efreet, an iguana and a crimson imp.

Vanquished Creatures
  A cyclops (D:8)
  Grinder (D:6)
  A wyvern (D:8)
  A sky beast (D:5)
  2 ice beasts
  An orc warrior (D:8)
  7 ogres
  2 centaurs (D:7)
  A crocodile (D:8)
  6 bullfrogs
  Blork the orc (D:5)
  A gnoll sergeant (D:7)
  3 water moccasin zombies (Ossuary)
  A wyvern skeleton (D:6)
  2 scorpions
  5 wights (D:8)
  A howler monkey (D:6)
  2 vampire bats (D:4)
  2 crimson imps
  A bullfrog zombie (D:8)
  2 centaur skeletons
  A centaur zombie (D:6)
  3 bullfrog skeletons
  A jelly (D:7)
  An orc priest (D:7)
  2 iguanas (D:4)
  7 worker ants
  3 orc wizards
  2 big kobold zombies (Ossuary)
  3 mummies
  Robin (D:2)
  6 gnolls
  8 adders
  3 shadow imps
  An ooze (D:3)
  5 adder zombies (Ossuary)
  3 adder skeletons
  A worm (D:5)
  2 dart slugs
  9 leopard geckos
  13 orcs
  13 bats
  5 giant cockroaches
  3 gnoll zombies (Ossuary)
  11 goblins
  13 hobgoblins
  2 jackals (D:6)
  6 quokkas
  3 ball pythons
  2 frilled lizards
  7 hobgoblin zombies (Ossuary)
  5 kobolds
  7 kobold zombies (Ossuary)
  5 orc zombies (Ossuary)
  A quokka zombie (D:6)
  4 rats
206 creatures vanquished.

Vanquished Creatures (others)
  A gnoll zombie (Ossuary)
  A quokka (D:6)
  An orc zombie (Ossuary)
3 creatures vanquished.

Grand Total: 209 creatures vanquished

Notes
Turn   | Place    | Note
-------+----------+-------------------------------------------
     0 | D:1      | EmberCloud the Gnoll Skald began the quest for the Orb.
     0 | D:1      | Reached XP level 1. HP: 20/20 MP: 6/6
   357 | D:1      | Reached XP level 2. HP: 26/26 MP: 7/7
  1041 | D:2      | Reached XP level 3. HP: 31/31 MP: 9/9
  1061 | D:2      | Noticed Robin
  1069 | D:2      | Learned a level 2 spell: Song of Slaying
  1070 | D:2      | Reached skill level 5 in Spellcasting
  1083 | D:2      | Killed Robin
  1083 | D:2      | Reached skill level 1 in Invocations
  1140 | D:2      | Reached skill level 1 in Long Blades
  1140 | D:2      | Reached skill level 1 in Axes
  1140 | D:2      | Reached skill level 1 in Maces & Flails
  1140 | D:2      | Reached skill level 1 in Polearms
  1140 | D:2      | Reached skill level 1 in Staves
  1140 | D:2      | Reached skill level 1 in Slings
  1140 | D:2      | Reached skill level 1 in Bows
  1140 | D:2      | Reached skill level 1 in Crossbows
  1140 | D:2      | Reached skill level 1 in Throwing
  1140 | D:2      | Reached skill level 1 in Stealth
  1140 | D:2      | Reached skill level 1 in Shields
  1140 | D:2      | Reached skill level 1 in Unarmed Combat
  1140 | D:2      | Reached skill level 1 in Evocations
  1140 | D:2      | Reached XP level 4. HP: 28/38 MP: 0/11
  1482 | D:2      | Reached skill level 1 in Conjurations
  1482 | D:2      | Reached skill level 1 in Hexes
  1482 | D:2      | Reached skill level 1 in Summonings
  1482 | D:2      | Reached skill level 1 in Necromancy
  1482 | D:2      | Reached skill level 1 in Translocations
  1482 | D:2      | Reached skill level 1 in Transmutations
  1482 | D:2      | Reached skill level 1 in Fire Magic
  1482 | D:2      | Reached skill level 1 in Ice Magic
  1482 | D:2      | Reached skill level 1 in Air Magic
  1482 | D:2      | Reached skill level 1 in Earth Magic
  1482 | D:2      | Reached skill level 1 in Poison Magic
  1508 | D:2      | Learned a level 3 spell: Regeneration
  1988 | D:3      | Found a shattered altar of Ashenzari.
  2577 | D:4      | Reached XP level 5. HP: 39/43 MP: 12/12
  3107 | D:4      | Found a sand-covered staircase.
  3117 | D:4      | Reached XP level 6. HP: 17/50 MP: 5/13
  3122 | Ossuary  | Entered an ossuary
  3417 | Ossuary  | Reached skill level 5 in Fighting
  3417 | Ossuary  | Reached skill level 5 in Short Blades
  3417 | Ossuary  | Reached skill level 5 in Dodging
  3587 | Ossuary  | Reached XP level 7. HP: 20/56 MP: 4/15
  4309 | D:5      | Entered Level 5 of the Dungeon
  4469 | D:5      | Reached XP level 8. HP: 63/63 MP: 16/16
  4494 | D:5      | Noticed Blork the orc
  4508 | D:5      | Killed Blork the orc
  4735 | D:5      | Reached skill level 6 in Spellcasting
  5045 | D:5      | Found a staircase to the Ecumenical Temple.
  5060 | Temple   | Entered the Ecumenical Temple
  5199 | Temple   | Became a worshipper of Warmaster Okawaru
  5283 | D:6      | Learned a level 2 spell: Swiftness
  5285 | D:6      | Learned a level 1 spell: Shock
  5516 | D:6      | Reached * piety under Okawaru
  5571 | D:6      | Reached XP level 9. HP: 65/69 MP: 12/18
  5573 | D:6      | Noticed Grinder
  5588 | D:6      | Killed Grinder
  5733 | D:6      | Found a white marble altar of Elyvilon.
  6077 | D:6      | Found Ima Relu's Assorted Antiques.
  6084 | D:6      | Bought a runed silver wand for 100 gold pieces
  6280 | D:7      | Learned a level 2 spell: Searing Ray
  6284 | D:7      | Learned a level 3 spell: Dazzling Spray
  6298 | D:7      | Reached skill level 5 in Armour
  6301 | D:7      | Reached ** piety under Okawaru
  6932 | D:8      | Reached skill level 5 in Invocations
  6959 | D:8      | Noticed a cyclops
  6970 | D:8      | Killed a cyclops
  6970 | D:8      | Reached skill level 7 in Spellcasting
  6970 | D:8      | Reached XP level 10. HP: 55/77 MP: 20/20
  7104 | D:8      | Reached *** piety under Okawaru
  7246 | D:8      | Reached skill level 5 in Long Blades
  7246 | D:8      | Reached skill level 5 in Axes
  7246 | D:8      | Reached skill level 5 in Maces & Flails
  7246 | D:8      | Reached skill level 5 in Polearms
  7246 | D:8      | Reached skill level 5 in Staves
  7246 | D:8      | Reached skill level 5 in Slings
  7246 | D:8      | Reached skill level 5 in Bows
  7246 | D:8      | Reached skill level 5 in Crossbows
  7246 | D:8      | Reached skill level 5 in Throwing
  7246 | D:8      | Reached skill level 5 in Stealth
  7246 | D:8      | Reached skill level 5 in Shields
  7246 | D:8      | Reached skill level 5 in Unarmed Combat
  7246 | D:8      | Reached skill level 5 in Evocations
  7334 | D:8      | HP: 2/77 [efreet/+3 scimitar of flaming (11)]
  7334 | D:8      | Slain by an efreet

Levels and vault maps discovered:
D:1:      lemuel_arrival_cross, layout_loops_ring, corexii_hall_statues_x
D:2:      layout_loops_cross, uniq_robin
D:3:      layout_loops_ring, first_ration, evilmike_ruin_ashenzari
D:4:      layout_basic, gup_ossuary_entry_pyramid, roderic_batcave,
          kennysheep_generic_room_16
D:5:      layout_loops_corners, minmay_temple_entry_wispy, uniq_blork_the_orc
D:6:      minmay_razor_zed, layout_loops_ring, serial_shops, shop,
          chequers_serial_rivers_micro_d, elyvilon_altar_4, uniq_grinder
D:7:      layout_basic, grunt_ogre_cave
D:8:      minmay_tri_box, layout_rooms, nicolae_overflow_crystal_walls,
          david_lair_shrubbed, serial_shops, shop
Temple:   minmay_crystal_snake_temple

Skill      XL: |  1  2  3  4  5  6  7  8  9 10 |
---------------+-------------------------------+-----
Spellcasting   | 5 6 7 |  7.1
Invocations    | 1 2 3 4 5 |  5.5
Long Blades    | 1 2 3 4 5 |  5.0
Axes           | 1 2 3 4 5 |  5.0
Maces & Flails | 1 2 3 4 5 |  5.0
Polearms       | 1 2 3 4 5 |  5.0
Staves         | 1 2 3 4 5 |  5.0
Slings         | 1 2 3 4 5 |  5.0
Bows           | 1 2 3 4 5 |  5.0
Crossbows      | 1 2 3 4 5 |  5.0
Throwing       | 1 2 3 4 5 |  5.0
Stealth        | 1 2 3 4 5 |  5.0
Shields        | 1 2 3 4 5 |  5.0
Unarmed Combat | 1 2 3 4 5 |  5.0
Evocations     | 1 2 3 4 5 |  5.0
Conjurations   | 1 2 3 4 |  4.1
Hexes          | 1 2 3 4 |  4.1
Summonings     | 1 2 3 4 |  4.1
Necromancy     | 1 2 3 4 |  4.1
Translocations | 1 2 3 4 |  4.1
Transmutations | 1 2 3 4 |  4.1
Fire Magic     | 1 2 3 4 |  4.1
Ice Magic      | 1 2 3 4 |  4.1
Air Magic      | 1 2 3 4 |  4.1
Earth Magic    | 1 2 3 4 |  4.1
Poison Magic   | 1 2 3 4 |  4.1
Armour         | 3 4 5 |  5.7
Fighting       | 5 6 |  6.8
Short Blades   | 5 6 |  6.8
Dodging        | 5 6 |  6.8
Charms         | 6 |  6.9

Action                   |  1- 3 |  4- 6 |  7- 9 | 10-12 || total
-------------------------+-------+-------+-------+-------++-------
Melee: Short sword       |    87 |   192 |   336 |    91 ||   706
       Bite              |    12 |    21 |    36 |    13 ||    82
       Punch             |     1 |     2 |     2 |       ||     5
Throw: Dart              |       |       |    10 |       ||    10
 Cast: Infusion          |     3 |     5 |    10 |     2 ||    20
       Regeneration      |       |     2 |     1 |     1 ||     4
       Song of Slaying   |       |     2 |     6 |     2 ||    10
       Shock             |       |       |     3 |       ||     3
       Searing Ray       |       |       |     2 |       ||     2
Invok: Heroism           |       |       |     1 |       ||     1
  Use: Scroll            |     1 |     1 |     8 |       ||    10
       Potion            |       |       |       |     1 ||     1
 Stab: Sleeping          |       |     8 |     8 |       ||    16
       Distracted        |       |     1 |       |       ||     1
  Eat: Chunk             |     1 |     5 |    10 |     2 ||    18
       Ration            |       |     1 |       |       ||     1
Armor: Leather armour    |    25 |    29 |    64 |     1 ||   119
       Ring mail         |       |       |       |    16 ||    16
Dodge: Dodged            |    66 |   109 |   194 |    52 ||   421
Block: Buckler           |       |       |    62 |    32 ||    94
